 Dungeon Crawl Stone Soup version 0.20.0-9-g8272e65 (webtiles) character file.

152 Chiseanne the Magician (level 5, -3/41 (42) HPs)
             Began as a Ghoul Wizard on June 3, 2017.
             Was a Believer of Lugonu.
             Slain by a hobgoblin (4 damage)
             ... on level 1 of the Dungeon.
             The game lasted 00:07:07 (4073 turns).

Chiseanne the Magician (Ghoul Wizard)               Turns: 4073, Time: 00:07:07

HP:   -3/41 (42)    AC:  2    Str: 11    XL:     5   Next: 34%
MP:   6/9           EV: 12    Int: 14    God:    Lugonu [**....]
Gold: 102           SH:  0    Dex:  7    Spells: 5/11 levels left

rFire    . . .     SeeInvis .   a - +0 mace
rCold    + . .     Gourm    .   (no shield)
rNeg     + + +     Faith    .   f - +0 robe
rPois    ∞         Spirit   .   b - +0 hat
rElec    .         Reflect  .   (no cloak)
rCorr    .         Harm     .   (no gloves)
MR       .....                  (no boots)
Stlth    ++........             q - amulet of magic regeneration
Regen    0.0/turn               (no ring)
MPRegen  0.2/turn               (no ring)

@: very slightly contaminated, rotting
A: rotting body, claws 1, carnivore 3, cold resistance 1, negative energy
resistance 3, inhibited regeneration, torment resistance, unbreathing
a: Depart the Abyss, Bend Space, Renounce Religion


You were on level 1 of the Dungeon.
You worshipped Lugonu.
Lugonu was pleased with you.
You were not hungry.

You visited 1 branch of the dungeon, and saw 2 of its levels.

You collected 102 gold pieces.

Inventory:

Hand Weapons
 a - a +0 mace (weapon)
Missiles
 i - 20 stones (quivered)
 l - 29 bolts
 m - 31 poisoned needles
 n - 57 sling bullets
Armour
 b - a +0 hat (worn)
 f - a +0 robe (worn)
Jewellery
 q - an amulet of magic regeneration (around neck)
Scrolls
 k - a scroll of identify
Potions
 j - a potion of cancellation
Books
 c - a book of Minor Magic

   Spells                             Type                      Level
   a - Magic Dart                     Conjuration                  1
   b - Blink                          Translocation                2
   c - Call Imp                       Summoning                    2
   d - Slow                           Hexes                        2
   e - Conjure Flame                  Conjuration/Fire             3
   f - Mephitic Cloud                 Conjuration/Poison/Air       3
Comestibles
 d - a meat ration
 h - 2 royal jellies


   Skills:
 * Level 2.3 Fighting
 * Level 2.8 Dodging
 - Level 2.1 Stealth
 * Level 3.5 Spellcasting
 * Level 1.8 Conjurations
   Level 0.8 Summonings
 - Level 0.8 Translocations
 * Level 0.7 Invocations


You had 5 spell levels left.
You knew the following spells:

 Your Spells              Type           Power        Failure   Level  Hunger
a - Magic Dart            Conj           #...         10%         1    #......
b - Blink                 Tloc           N/A          22%         2    ##.....
c - Conjure Flame         Conj/Fire      #.......     38%         3    ###....


Dungeon Overview and Level Annotations

Branches:
Dungeon (2/15)

Altars:
Qazlal
Lugonu

Annotations:
D:2 Terence


Innate Abilities, Weirdness & Mutations

Your body is rotting away.
You thrive on raw meat.
You are immune to poison.
You have sharp fingernails.
You are carnivorous and can eat meat at any time.
Your flesh is cold resistant. (rC+)
You are immune to negative energy. (rN+++)
You do not regenerate when monsters are visible.
You are immune to unholy pain and torment.
You can survive without breathing.


Message History

Aim: a hobgoblin The magic dart hits the hobgoblin.
The hobgoblin misses you.
Casting: Magic Dart
Confirm with . or Enter, or press ? or * to list all spells.
Aiming: Magic Dart
Press: ? - help, Shift-Dir - straight line, f/p - hobgoblin
Aim: a hobgoblin You miscast Magic Dart.
You are very lightly contaminated with residual magic.
Strange energies run through your body.
The hobgoblin hits you but does no damage.
Casting: Magic Dart
Confirm with . or Enter, or press ? or * to list all spells.
Aiming: Magic Dart
Press: ? - help, Shift-Dir - straight line, f/p - hobgoblin
Aim: a hobgoblin The magic dart hits the hobgoblin.
The hobgoblin is lightly wounded.
The hobgoblin hits you.
You die...

####### #.....#
#.###.# #...#.#
#####.# #.....#
#########)##### ♣♣
♣...........g@#
≈♣♣♣.#######.#.###
≈≈...# #...#.#
P♣♣♣## #.###.# ♣♣
#.#.#.# .♣ #.#...#
.# #.#.####### .#
#.#.##....# .#
#)#.##.##.#


You could see a hobgoblin.

Vanquished Creatures
  8 adders (D:2)
  An ooze (D:1)
  A worm (D:2)
  3 dart slugs (D:2)
  2 leopard geckos (D:2)
  3 ball pythons
  6 giant cockroaches
  9 goblins
  4 hobgoblins
  7 jackals
  3 kobolds
  2 quokkas (D:2)
  6 bats
  3 frilled lizards
  6 rats
64 creatures vanquished.

Notes
Turn   | Place    | Note
-------+----------+-------------------------------------------
     0 | D:1      | Chiseanne the Ghoul Wizard began the quest for the Orb.
     0 | D:1      | Reached XP level 1. HP: 14/14 MP: 3/3
    88 | D:1      | Reached skill level 1 in Conjurations
   136 | D:1      | Reached XP level 2. HP: 22/22 MP: 0/4
   780 | D:1      | Reached XP level 3. HP: 26/27 MP: 0/6
   933 | D:1      | Reached skill level 3 in Spellcasting
  1489 | D:2      | Reached skill level 1 in Fighting
  1871 | D:2      | Learned a level 2 spell: Blink
  1875 | D:2      | Learned a level 3 spell: Conjure Flame
  1900 | D:2      | Reached XP level 4. HP: 21/35 MP: 0/7
  2554 | D:2      | Found a faded altar of an unknown god.
  3026 | D:2      | Reached XP level 5. HP: 41/41 MP: 4/9
  3091 | D:2      | Became a worshipper of Lugonu the Unformed
  3091 | D:2      | Reached * piety under Lugonu
  3091 | D:2      | Reached ** piety under Lugonu
  3399 | D:2      | Found a stormy altar of Qazlal.
  3930 | D:2      | Noticed Terence
  4060 | D:2      | HP: 1/41 [hobgoblin (2)]
  4073 | D:1      | Slain by a hobgoblin

Skill      XL: |  1  2  3  4 |
---------------+-------------+-----
Conjurations   | 1 |  1.8
Dodging        | 2 |  2.8
Spellcasting   | 3 |  3.5
Fighting       | 1 2 |  2.3
Stealth        | |  2.1
Summonings     | |  0.8
Translocations | |  0.8
Invocations    | |  0.7

Action                   |  1- 3 |  4- 6 || total
-------------------------+-------+-------++-------
Melee: Unarmed           |     9 |       ||     9
       Club              |   140 |    74 ||   214
       Mace              |       |    17 ||    17
 Cast: Magic Dart        |    67 |    98 ||   165
  Use: Scroll            |       |     6 ||     6
 Stab: Sleeping          |     2 |       ||     2
  Eat: Chunk             |    10 |    12 ||    22
Armor: Robe              |    52 |    22 ||    74
Dodge: Dodged            |   153 |   102 ||   255
